 Dungeon Crawl Stone Soup version 0.20.1-1-g8b1a95d (webtiles) character file.

92 Ladhar the Slasher (level 4, -1/34 HPs)
             Began as a Merfolk Skald on Oct 25, 2017.
             Slain by a bullfrog (3 damage)
             ... on level 2 of the Dungeon.
             The game lasted 00:11:40 (3563 turns).

Ladhar the Slasher (Merfolk Skald)                  Turns: 3563, Time: 00:11:41

Health: -1/34      AC:  5    Str: 12    XL:     4   Next: 60%
Magic:  7/7        EV: 12    Int: 12    God:
Gold:   92         SH:  0    Dex: 13    Spells: 1/7 levels left

rFire    . . .     SeeInvis .   a - +0 falchion
rCold    . . .     Gourm    .   (no shield)
rNeg     . . .     Faith    .   b - +0 leather armour
rPois    .         Spirit   .   (no helmet)
rElec    .         Reflect  .   (no cloak)
rCorr    .         Harm     .   l - +0 pair of gloves
MR       .....                  y - +0 pair of boots
Stlth    +.........             (no amulet)
Regen    0.2/turn               (no ring)
MPRegen  0.1/turn               (no ring)

@: no status effects
A: change form in water, swift swim, stealthy swim
a: no special abilities


You were on level 2 of the Dungeon.
You were not hungry.

You visited 1 branch of the dungeon, and saw 3 of its levels.

You collected 92 gold pieces.

Inventory:

Hand Weapons
 a - a +0 falchion (weapon)
 n - a +2 dagger of venom
Missiles
 r - 7 javelins
 t - 3 javelins of penetration (quivered)
Armour
 b - a +0 leather armour (worn)
 l - a +0 pair of gloves (worn)
 m - a cursed +0 ring mail
 y - a +0 pair of boots (worn)
Jewellery
 i - a +3 ring of dexterity {unknown}
 w - a cursed ring of teleportation {unknown}
Scrolls
 e - 6 scrolls of identify {unknown}
 f - 2 scrolls of immolation {unknown}
 h - a scroll of recharging {unknown}
 k - 2 scrolls of enchant armour {unknown}
 p - a scroll of fog {unknown}
 q - a scroll of blinking {unknown}
 s - 4 scrolls of noise {unknown}
 v - a scroll of amnesia {unknown}
Potions
 g - a potion of mutation {unknown}
 j - a potion of brilliance {unknown}
 u - 3 potions of heal wounds
 x - 2 potions of lignification {unknown}
Books
 c - a book of Battle

   Spells                             Type                      Level
   a - Infusion                       Charms                       1
   b - Shroud of Golubria             Charms/Translocation         2
   c - Song of Slaying                Charms                       2
   d - Spectral Weapon                Hexes/Charms                 3
   e - Regeneration                   Charms/Necromancy            3
Comestibles
 d - a bread ration
 o - 3 meat rations
 z - 2 chunks of flesh


   Skills:
 - Level 2.3 Fighting
 * Level 4.4 Long Blades
 + Level 0.6 Throwing
 - Level 0.7 Armour
 - Level 2.6 Dodging
 - Level 2.1 Spellcasting
 - Level 3.7 Charms


You had one spell level left.
You knew the following spells:

 Your Spells              Type           Power        Failure   Level  Hunger
a - Infusion              Chrm           ##..         8%          1    ##.....
b - Regeneration          Chrm/Necr      #.........   43%         3    ####...
c - Shroud of Golubria    Chrm/Tloc      #.........   24%         2    ###....


Dungeon Overview and Level Annotations

Branches:
Dungeon (3/15)

Altars:

Annotations:
D:3 Ivernyr's ghost, amateur DrCj


Message History

The bullfrog is moderately wounded.
The bullfrog hits you but does no damage.
The bullfrog hits you.
* * * LOW HITPOINT WARNING * * *
You hit the bullfrog.
The bullfrog is heavily wounded.
The bullfrog barely misses you.
You closely miss the bullfrog.
The bullfrog is heavily wounded.
The bullfrog hits you but does no damage.
The bullfrog hits you.
* * * LOW HITPOINT WARNING * * *
You barely miss the bullfrog.
The bullfrog is heavily wounded.
The bullfrog barely misses you.
The bullfrog hits you but does no damage.
You hit the bullfrog.
The bullfrog is severely wounded.
The bullfrog hits you.
You die...

#...............####.#.#
####....(.......(..#.#.#
#............##)#.#.#
#............##.#.#.#
####............##.#.#.##
#...............##.#.....
#...............##.#.....
#...............##.#.....
#.......@F......##.#..... #######
#................#.#.#.##
......###...........####.#...#.#.
.......................#[#####.#.
..............######...#.......#.
..............# #...#########.
###...........# #...# #.
############# #...# #. #...# #.


You could see a bullfrog.

Vanquished Creatures
  A hound (D:3)
  2 adders (D:2)
  2 worms
  A leopard gecko (D:1)
  3 giant cockroaches
  7 goblins
  5 hobgoblins
  2 jackals (D:2)
  5 kobolds (D:1)
  3 bats
  A frilled lizard (D:1)
  4 rats
36 creatures vanquished.

Notes
Turn   | Place    | Note
-------+----------+-------------------------------------------
     0 | D:1      | Ladhar the Merfolk Skald began the quest for the Orb.
     0 | D:1      | Reached XP level 1. HP: 16/16 MP: 3/3
   162 | D:1      | Reached XP level 2. HP: 15/22 MP: 5/5
  1763 | D:2      | Reached skill level 3 in Long Blades
  1763 | D:2      | Reached XP level 3. HP: 10/28 MP: 6/6
  2919 | D:2      | Learned a level 3 spell: Regeneration
  3225 | D:2      | Reached XP level 4. HP: 31/34 MP: 7/7
  3371 | D:3      | Learned a level 2 spell: Shroud of Golubria
  3467 | D:3      | Reached skill level 4 in Long Blades
  3516 | D:3      | Noticed Ivernyr's ghost (amateur DrCj)
  3550 | D:3      | Noticed a bullfrog
  3561 | D:2      | HP: 1/34 [bullfrog (3)]
  3563 | D:2      | Slain by a bullfrog

Skill      XL: |  1  2  3  4 |
---------------+-------------+-----
Long Blades    | 3 4 |  4.4
Fighting       | |  2.3
Throwing       | |  0.6
Armour         | |  0.7
Dodging        | |  2.6
Spellcasting   | |  2.1
Charms         | |  3.7

Action                   |  1- 3 |  4- 6 || total
-------------------------+-------+-------++-------
Melee: Falchion          |   145 |    27 ||   172
Throw: Javelin           |     9 |       ||     9
 Cast: Regeneration      |       |     1 ||     1
  Use: Potion            |     2 |       ||     2
  Eat: Bread ration      |     1 |       ||     1
       Chunk             |     2 |       ||     2
       Meat ration       |     1 |       ||     1
Armor: Leather armour    |    49 |    12 ||    61
Dodge: Dodged            |    90 |    27 ||   117
       Rpst.: Falchion   |    27 |     5 ||    32
